 Dungeon Crawl Stone Soup version 0.29.0-4-gdea44cf6ec (webtiles) character file.

Game seed: 17919858617975999031

7711 qw the Grappler (level 11, -4/105 HPs)
             Began as a Troll Cinder Acolyte on Sept 1, 2022.
             Was a Believer of Ignis.
             Slain by a two-headed ogre
             ... wielding a +0 giant club
              (17 damage)
             ... on level 10 of the Dungeon.
             The game lasted 00:04:59 (8482 turns).

qw the Grappler (Troll Cinder Acolyte)              Turns: 8482, Time: 00:05:00

Health: -4/105     AC:  7    Str: 28    XL:     11   Next: 0%
Magic:  11/11      EV: 10    Int: 10    God:    Ignis [**....]
Gold:   124        SH: 12    Dex:  5    Spells: 12/12 levels left

rFire   + . .      SeeInvis .     - Unarmed
rCold   + . .      Faith    .   i - +1 tower shield {reflect}
rNeg    . . .      Spirit   .   a - +0 robe
rPois   .          Reflect  +   (helmet restricted)
rElec   .          Harm     .   (no cloak)
rCorr   .          Rampage  .   (gloves unavailable)
Will    .....                   (boots unavailable)
Stlth   +.........              g - amulet of Vitality {RegenMP++ Regen++}
HPRegen 2.67/turn               f - +4 ring of evasion
MPRegen 0.92/turn               p - ring of protection from cold

@: corroded, fiery-armoured
A: large, unfitting armour, claws 3, regeneration 1, shaggy fur 1, tough skin 1
a: Renounce Religion, Fiery Armour, Foxfire Swarm, Rising Flame


You were on level 10 of the Dungeon.
You worshipped Ignis.
Ignis was pleased with you.
You visited 1 branch of the dungeon, and saw 10 of its levels.

You collected 453 gold pieces.
You spent 329 gold pieces at shops.


Innate Abilities, Weirdness & Mutations

You are too large for most types of armour.
You have claws for hands.
Your natural rate of healing is unusually fast.
You are covered in fur. (AC +1)
You have tough skin. (AC +1)


   Skills:
 - Level 6.1 Fighting
 - Level 1.1 Throwing
 - Level 1.2 Dodging
 + Level 4.6 Shields
 - Level 14.6 Unarmed Combat
 - Level 1.0 Spellcasting
 - Level 2.1 Fire Magic


You had 12 spell levels left.
You didn't know any spells.
Your spell library contained the following spells:

 Spells                   Type           Power      Damage    Failure   Level
 Scorch                   Fire           8%         2d5       80%         2

Inventory:

Missiles
 d - 5 boomerangs (quivered)
Armour
 a - a +0 robe (worn)
 i - a +1 tower shield of reflection (worn)
Jewellery
 f - a +4 ring of evasion (left claw)
 g - the amulet of Vitality (around neck) {RegenMP++ Regen++}
   (You found it on level 3 of the Dungeon)

   [amulet of magic regeneration]

   It increases your rate of magic regeneration.
   Regen:     It increases your rate of health regeneration.
 p - a ring of protection from cold (right claw)
Scrolls
 c - 3 scrolls of identify
 n - 2 scrolls of enchant weapon
 o - a scroll of enchant armour
Potions
 b - a potion of resistance
 e - a potion of cancellation
 h - 3 potions of curing
 k - a potion of magic {unknown}
 l - a potion of haste
 m - a potion of berserk rage {unknown}

Dungeon Overview and Level Annotations

Branches:
Dungeon (10/15)            Temple (0/1) D:7            Lair (0/5) D:10
    Orc: D:9-12

Altars:
Ashenzari
Cheibriados
Dithmenos
Elyvilon
Gozag
Vehumet
Xom

Shops:
D:3 =   D:7 :   D:9 ([?

Annotations:
D:3 2 runed translucent doors, Wawkuc's ghost, amateur TeWr
D:5 1 runed translucent door, qw's ghost, novice TrCA
D:7 1 runed translucent door, Crazy Yiuf
D:8 4 runed translucent doors


Message History

The troll claws you but does no damage.
The troll is burned by your cloak of flames.
The troll is almost dead.
You claw the troll!
You kill the troll!
Your Shields skill increases to level 4!
The oklob plant spits acid at you. The splash of acid hits you!!
The acid corrodes you!
You scratch the oklob plant but do no damage.
The oklob plant spits acid at you. The splash of acid hits you!!
You scratch the oklob plant but do no damage.
The oklob plant spits acid at you. The splash of acid hits you!!
8476 ||| READING scroll of teleportation.
As you read the scroll of teleportation, it crumbles to dust.
You feel strangely unstable.
You mangle the oklob plant!!
The oklob plant is heavily damaged.
The oklob plant spits acid at you. The splash of acid misses you.
You scratch the oklob plant but do no damage.
The oklob plant is heavily damaged.
You mangle the oklob plant!!
The oklob plant is almost destroyed.
The oklob plant spits acid at you. The splash of acid misses you.
You claw the oklob plant!
You destroy the oklob plant!
Your surroundings suddenly seem different.
A two-headed ogre comes into view. It is wielding two +0 giant clubs.
The two-headed ogre shouts in stereo!
You have reached level 11!
You scratch the two-headed ogre.
The two-headed ogre is lightly wounded.
The two-headed ogre hits you with a +0 giant club!!
The two-headed ogre is burned by your cloak of flames.
The two-headed ogre is lightly wounded.
The two-headed ogre hits you with a +0 giant club!
You die...

.########
........#
........#
.......@#
.......O#
........#
........#
........#
........#
...######
...


You could see a two-headed ogre.

Vanquished Creatures
  3 two-headed ogres
  An oklob plant (D:10)
  2 trolls (D:10)
  Grinder (D:3)
  3 wyverns
  5 yaks (D:9)
  Grum (D:9)
  2 steam dragons
  Edmund (D:6)
  A water moccasin (D:8)
  2 orc warriors
  3 ice beasts
  A black bear (D:4)
  An ogre (D:6)
  4 wolves (D:9)
  2 centaurs
  3 bullfrogs
  4 kobold brigands
  A necrophage (D:5)
  Blork the orc (D:6)
  A scorpion (D:7)
  A gnoll sergeant (D:6)
  6 killer bees
  2 electric eels (D:9)
  3 howler monkeys (D:7)
  3 hounds
  2 jellies
  4 orc priests
  2 iguanas
  A gnoll bouda (D:8)
  2 orc wizards
  17 gnolls
  10 adders
  A shadow imp (D:5)
  3 white imps
  3 ufetubi
  5 dart slugs
  29 orcs
  9 ball pythons
  11 endoplasms
  5 giant cockroaches
  10 goblins
  11 hobgoblins
  3 jackals (D:1)
  28 kobolds
  A quokka (D:1)
  10 bats
  3 frilled lizards
  12 rats
240 creatures vanquished.

Vanquished Creatures (others)
  An orc wizard (D:9)
  3 plants (D:10)
4 creatures vanquished.

Grand Total: 244 creatures vanquished

Notes
Turn   | Place    | Note
-------+----------+-------------------------------------------
     0 | D:1      | qw the Troll Cinder Acolyte began the quest for the Orb.
     0 | D:1      | Reached XP level 1. HP: 22/22 MP: 1/1
     0 | D:1      | 0 ||| qw: Version: 0.1-a-97-g2dd2ca4
     0 | D:1      | 0 ||| qw: Game counter: 4878
     0 | D:1      | 0 ||| qw: Always use a shield: true
     0 | D:1      | 0 ||| qw: God list: Okawaru
     0 | D:1      | 0 ||| qw: Allow faded altars: false
     0 | D:1      | 0 ||| qw: Do Orc after D:15 true
     0 | D:1      | 0 ||| qw: Do second Lair branch before Depths: true
     0 | D:1      | 0 ||| qw: Lair rune preference: random
     0 | D:1      | 0 ||| qw: Plans: Normal
     0 | D:1      | 0 ||| PLANNING D:1-11
    82 | D:1      | Reached XP level 2. HP: 29/29 MP: 2/2
   409 | D:1      | 409 ||| Stepping ~*~*~tactically~*~*~ (hiding).
   414 | D:1      | Reached skill level 4 in Unarmed Combat
   581 | D:1      | Reached XP level 3. HP: 36/36 MP: 3/3
   721 | D:1      | 721 ||| Stepping ~*~*~tactically~*~*~ (stealth).
   722 | D:1      | 722 ||| Stepping ~*~*~tactically~*~*~ (stealth).
   733 | D:1      | 733 ||| Stepping ~*~*~tactically~*~*~ (stealth).
   735 | D:1      | 735 ||| Stepping ~*~*~tactically~*~*~ (hiding).
  1028 | D:1      | 1028 ||| READING scroll labelled FEIQOJ JEHO.
  1029 | D:1      | 1029 ||| READING scroll labelled UTOBBEDUERGH.
  1030 | D:1      | 1030 ||| READING scroll labelled OREMAO QOHIP.
  1293 | D:2      | 1293 ||| Stepping ~*~*~tactically~*~*~ (stealth).
  1387 | D:2      | Found a faded altar of an unknown god.
  1474 | D:2      | Reached skill level 5 in Unarmed Combat
  1474 | D:2      | Reached XP level 4. HP: 38/44 MP: 4/4
  1806 | D:2      | Found a shadowy altar of Dithmenos.
  1992 | D:2      | 1992 ||| UPGRADING to +4 ring of evasion.
  1993 | D:2      | 1993 ||| READING scroll labelled JIAMILUKUZ.
  1996 | D:2      | 1996 ||| READING scroll labelled JIKU DENEIVVIS.
  1997 | D:2      | 1997 ||| READING scroll labelled QERAROEQOE.
  1998 | D:2      | 1998 ||| READING scroll labelled OFA UVVESUHOWK.
  1999 | D:2      | 1999 ||| Stepping randomly (stuck).
  2000 | D:2      | 2000 ||| Stepping ~*~*~tactically~*~*~ (cloud).
  2101 | D:3      | Noticed Grinder
  2106 | D:3      | Paralysed by Grinder for 2 turns
  2118 | D:3      | Killed Grinder
  2119 | D:3      | Reached skill level 6 in Unarmed Combat
  2119 | D:3      | Reached XP level 5. HP: 31/50 MP: 5/5
  2119 | D:3      | Reached XP level 6. HP: 37/59 MP: 6/6
  2166 | D:3      | 2166 ||| Stepping ~*~*~tactically~*~*~ (stealth).
  2167 | D:3      | 2167 ||| Stepping ~*~*~tactically~*~*~ (stealth).
  2169 | D:3      | 2169 ||| Stepping ~*~*~tactically~*~*~ (hiding).
  2171 | D:3      | 2171 ||| INVOKING Fiery Armour.
  2179 | D:3      | 2179 ||| Stepping ~*~*~tactically~*~*~ (stealth).
  2181 | D:3      | Reached skill level 7 in Unarmed Combat
  2277 | D:3      | Found the amulet of Vitality {RegenMP++ Regen++}
  2306 | D:3      | 2306 ||| INVOKING Fiery Armour.
  2308 | D:3      | 2308 ||| Stepping ~*~*~tactically~*~*~ (hiding).
  2314 | D:3      | 2314 ||| Stepping ~*~*~tactically~*~*~ (outnumbered).
  2325 | D:3      | Found Fasufis's Jewellery Emporium.
  2335 | D:3      | 2335 ||| SHOPLISTING +6 ring of dexterity (432 gold, have
                  | 102).
  2335 | D:3      | 2335 ||| SHOPLISTING ring of see invisible (180 gold, have
                  | 102).
  2335 | D:3      | 2335 ||| SHOPLISTING ring of the Octopus King {rF+ HP+2
                  | AC+2 EV+2 SH+2} (736 gold, have 102).
  2335 | D:3      | 2335 ||| SHOPLISTING ring of willpower (300 gold, have
                  | 102).
  2452 | D:3      | Noticed an ice beast
  2453 | D:3      | 2453 ||| Stepping ~*~*~tactically~*~*~ (stealth).
  2455 | D:3      | 2455 ||| Stepping ~*~*~tactically~*~*~ (stealth).
  2463 | D:3      | 2463 ||| Stepping ~*~*~tactically~*~*~ (stealth).
  2472 | D:3      | Killed an ice beast
  2622 | D:3      | Found a large runed translucent door.
  2623 | D:3      | Found a large runed translucent door.
  2636 | D:3      | Noticed Wawkuc's ghost (amateur TeWr)
  2878 | D:3      | 2878 ||| UPGRADING to amulet of Vitality {RegenMP++
                  | Regen++}.
  2883 | D:3      | 2883 ||| DRINKING 2 glowing cyan potions.
  2884 | D:3      | 2884 ||| READING 2 scrolls of identify.
  2884 | D:3      | 2884 ||| IDENTIFYING golden potion
  2885 | D:3      | 2885 ||| DROPPING potion of attraction.
  2961 | D:4      | Reached skill level 8 in Unarmed Combat
  3025 | D:4      | Reached XP level 7. HP: 66/66 MP: 7/7
  3091 | D:4      | Found a white marble altar of Elyvilon.
  3106 | D:4      | 3106 ||| Stepping ~*~*~tactically~*~*~ (stealth).
  3113 | D:4      | 3113 ||| Stepping ~*~*~tactically~*~*~ (stealth).
  3129 | D:4      | 3129 ||| Stepping ~*~*~tactically~*~*~ (hiding).
  3165 | D:4      | Reached skill level 3 in Fighting
  3171 | D:4      | Identified the +9 mace of War {elec, Fragile rC+ Int+5
                  | Stlth+}
  3637 | D:4      | 3637 ||| READING scroll labelled ICIPTE KY FAOR.
  3638 | D:4      | 3638 ||| READING scroll labelled UTOWIW GAFIUSU.
  3639 | D:4      | 3639 ||| READING scroll labelled QETWIW GALOSH.
  3640 | D:4      | 3640 ||| DRINKING 3 lumpy red potions.
  3641 | D:4      | 3641 ||| READING 2 scrolls of identify.
  3641 | D:4      | 3641 ||| IDENTIFYING bubbling purple potion
  3642 | D:4      | 3642 ||| DROPPING potion of flight.
  3665 | D:5      | Entered Level 5 of the Dungeon
  3672 | D:5      | Found an opulent altar of Gozag.
  3761 | D:5      | 3761 ||| Stepping ~*~*~tactically~*~*~ (stealth).
  3771 | D:5      | 3771 ||| INVOKING Fiery Armour.
  3773 | D:5      | 3773 ||| Stepping ~*~*~tactically~*~*~ (outnumbered).
  3778 | D:5      | 3778 ||| Stepping ~*~*~tactically~*~*~ (outnumbered).
  3779 | D:5      | 3779 ||| Stepping ~*~*~tactically~*~*~ (outnumbered).
  3780 | D:5      | 3780 ||| Stepping ~*~*~tactically~*~*~ (outnumbered).
  3781 | D:5      | 3781 ||| Stepping ~*~*~tactically~*~*~ (outnumbered).
  3796 | D:5      | Reached skill level 9 in Unarmed Combat
  3833 | D:5      | Found a runed translucent door.
  3834 | D:5      | Noticed qw's ghost (novice TrCA)
  3834 | D:5      | Noticed a two-headed ogre
  4001 | D:5      | 4001 ||| Stepping ~*~*~tactically~*~*~ (hiding).
  4004 | D:5      | 4004 ||| Stepping ~*~*~tactically~*~*~ (outnumbered).
  4006 | D:5      | 4006 ||| Stepping ~*~*~tactically~*~*~ (outnumbered).
  4009 | D:5      | 4009 ||| DRINKING 2 potions of curing.
  4009 | D:5      | 4009 ||| (to cure confusion)
  4013 | D:5      | 4013 ||| DRINKING potion of curing.
  4013 | D:5      | 4013 ||| (to cure confusion)
  4019 | D:5      | Reached skill level 1 in Dodging
  4050 | D:5      | Reached XP level 8. HP: 70/74 MP: 8/8
  4247 | D:5      | 4247 ||| DROPPING amulet of the acrobat.
  4248 | D:5      | 4248 ||| READING scroll labelled FUNAKI GOROT.
  4249 | D:5      | 4249 ||| READING 2 scrolls of identify.
  4249 | D:5      | 4249 ||| IDENTIFYING ruby potion
  4289 | D:6      | Noticed Edmund
  4305 | D:6      | Killed Edmund
  4317 | D:6      | 4317 ||| Stepping ~*~*~tactically~*~*~ (stealth).
  4347 | D:6      | Reached skill level 10 in Unarmed Combat
  4363 | D:6      | Noticed Blork the orc
  4367 | D:6      | Killed Blork the orc
  4377 | D:6      | 4377 ||| Stepping ~*~*~tactically~*~*~ (hiding).
  4379 | D:6      | 4379 ||| Stepping ~*~*~tactically~*~*~ (hiding).
  4408 | D:6      | 4408 ||| Stepping ~*~*~tactically~*~*~ (stealth).
  4413 | D:6      | 4413 ||| Stepping ~*~*~tactically~*~*~ (stealth).
  4419 | D:6      | 4419 ||| Stepping ~*~*~tactically~*~*~ (stealth).
  4428 | D:6      | 4428 ||| Stepping ~*~*~tactically~*~*~ (outnumbered).
  4429 | D:6      | 4429 ||| Stepping ~*~*~tactically~*~*~ (outnumbered).
  4518 | D:6      | 4518 ||| Stepping ~*~*~tactically~*~*~ (outnumbered).
  4695 | D:6      | Found a snail-covered altar of Cheibriados.
  4807 | D:6      | 4807 ||| Stepping ~*~*~tactically~*~*~ (stealth).
  4981 | D:6      | 4981 ||| READING scroll labelled WOFIAFIRIM.
  4982 | D:6      | 4982 ||| READING 2 scrolls of identify.
  4982 | D:6      | 4982 ||| IDENTIFYING grey potion
  5026 | D:7      | Found Yressegu's Vocational Training.
  5044 | D:7      | Reached skill level 11 in Unarmed Combat
  5073 | D:7      | Reached XP level 9. HP: 78/84 MP: 9/9
  5078 | D:7      | 5078 ||| Stepping ~*~*~tactically~*~*~ (stealth).
  5081 | D:7      | 5081 ||| Stepping ~*~*~tactically~*~*~ (stealth).
  5082 | D:7      | 5082 ||| Stepping ~*~*~tactically~*~*~ (stealth).
  5130 | D:7      | Found a staircase to the Ecumenical Temple.
  5149 | D:7      | 5149 ||| Stepping ~*~*~tactically~*~*~ (stealth).
  5282 | D:7      | 5282 ||| Stepping ~*~*~tactically~*~*~ (stealth).
  5284 | D:7      | 5284 ||| Stepping ~*~*~tactically~*~*~ (hiding).
  5401 | D:7      | 5401 ||| Stepping ~*~*~tactically~*~*~ (stealth).
  5461 | D:7      | Found a runed translucent door.
  5462 | D:7      | Noticed Crazy Yiuf
  5490 | D:7      | 5490 ||| Stepping ~*~*~tactically~*~*~ (stealth).
  5560 | D:7      | 5560 ||| Stepping ~*~*~tactically~*~*~ (hiding).
  5741 | D:7      | 5741 ||| READING scroll of teleportation.
  5788 | D:8      | Found a huge runed translucent gate.
  5790 | D:8      | Noticed a polar bear
  5918 | D:8      | 5918 ||| Stepping ~*~*~tactically~*~*~ (hiding).
  5946 | D:8      | Found a radiant altar of Vehumet.
  6016 | D:8      | 6016 ||| Stepping ~*~*~tactically~*~*~ (stealth).
  6175 | D:8      | Reached skill level 1 in Throwing
  6195 | D:8      | Found a huge runed translucent gate.
  6231 | D:8      | Reached skill level 12 in Unarmed Combat
  6309 | D:8      | Noticed a two-headed ogre
  6310 | D:8      | 6310 ||| Stepping ~*~*~tactically~*~*~ (stealth).
  6329 | D:8      | Killed a two-headed ogre
  6376 | D:8      | 6376 ||| Stepping ~*~*~tactically~*~*~ (stealth).
  6406 | D:8      | 6406 ||| Stepping ~*~*~tactically~*~*~ (stealth).
  6408 | D:8      | 6408 ||| Stepping ~*~*~tactically~*~*~ (stealth).
  6410 | D:8      | 6410 ||| Stepping ~*~*~tactically~*~*~ (stealth).
  6420 | D:8      | 6420 ||| Stepping ~*~*~tactically~*~*~ (outnumbered).
  6421 | D:8      | 6421 ||| Stepping ~*~*~tactically~*~*~ (outnumbered).
  6795 | D:8      | Found a broken altar of Ashenzari.
  6867 | D:8      | Found a huge runed translucent gate.
  6867 | D:8      | Found a huge runed translucent gate.
  6867 | D:8      | Noticed a polar bear
  6867 | D:8      | Noticed a polar bear
  6867 | D:8      | Noticed a polar bear
  6867 | D:8      | Noticed a polar bear
  6868 | D:8      | Noticed a manticore
  6869 | D:8      | Noticed a polar bear
  6994 | D:8      | 6994 ||| READING scroll labelled LYPPURCHI NIMIN.
  7011 | D:8      | 7011 ||| READING 2 scrolls of identify.
  7011 | D:8      | 7011 ||| IDENTIFYING inky potion
  7012 | D:8      | 7012 ||| DROPPING potion of brilliance.
  7345 | D:8      | 7345 ||| Stepping randomly (stuck).
  7386 | D:9      | 7386 ||| INVOKING Fiery Armour.
  7388 | D:9      | HP: 22/89 [killer bee (3)]
  7389 | D:9      | 7389 ||| DRINKING potion of heal wounds.
  7393 | D:9      | HP: 19/89 [poisoned by a killer bee]
  7398 | D:9      | HP: 22/89 [poisoned by a killer bee]
  7434 | D:9      | 7434 ||| Stepping ~*~*~tactically~*~*~ (outnumbered).
  7435 | D:9      | 7435 ||| Stepping ~*~*~tactically~*~*~ (outnumbered).
  7436 | D:9      | 7436 ||| Stepping ~*~*~tactically~*~*~ (outnumbered).
  7437 | D:9      | 7437 ||| Stepping ~*~*~tactically~*~*~ (outnumbered).
  7438 | D:9      | 7438 ||| Stepping ~*~*~tactically~*~*~ (outnumbered).
  7438 | D:9      | Found Zintazaz's Antique Armour Boutique.
  7439 | D:9      | 7439 ||| DRINKING 3 potions of curing.
  7439 | D:9      | 7439 ||| (to cure confusion)
  7443 | D:9      | 7443 ||| FLEEEEING.
  7444 | D:9      | 7444 ||| FLEEEEING.
  7445 | D:9      | 7445 ||| FLEEEEING.
  7459 | D:9      | Found Toymutuf's Antique Weapon Emporium.
  7461 | D:9      | Found Anuinnim's Magic Scroll Boutique.
  7481 | D:9      | 7481 ||| BUYING glowing tower shield (180 gold).
  7481 | D:9      | Bought a glowing tower shield for 180 gold pieces
  7481 | D:9      | 7481 ||| SHOPLISTING heavily runed ice dragon scales (1560
                  | gold, have 165).
  7481 | D:9      | 7481 ||| SHOPLISTING scorched storm dragon scales (2040
                  | gold, have 165).
  7486 | D:9      | 7486 ||| BUYING scroll of enchant armour (97 gold).
  7486 | D:9      | Bought a scroll of enchant armour for 97 gold pieces
  7486 | D:9      | 7486 ||| BUYING scroll of identify (26 gold).
  7486 | D:9      | Bought a scroll of identify for 26 gold pieces
  7486 | D:9      | 7486 ||| BUYING scroll of identify (26 gold).
  7486 | D:9      | Bought a scroll of identify for 26 gold pieces
  7486 | D:9      | 7486 ||| SHOPLISTING scroll of identify (26 gold, have 16).
  7559 | D:9      | Reached XP level 10. HP: 67/98 MP: 10/10
  7607 | D:9      | Noticed a two-headed ogre
  7614 | D:9      | 7614 ||| Stepping ~*~*~tactically~*~*~ (outnumbered).
  7615 | D:9      | 7615 ||| Stepping ~*~*~tactically~*~*~ (outnumbered).
  7616 | D:9      | 7616 ||| Stepping ~*~*~tactically~*~*~ (outnumbered).
  7617 | D:9      | 7617 ||| Stepping ~*~*~tactically~*~*~ (outnumbered).
  7618 | D:9      | 7618 ||| INVOKING Fiery Armour.
  7619 | D:9      | 7619 ||| Stepping ~*~*~tactically~*~*~ (outnumbered).
  7620 | D:9      | 7620 ||| Stepping ~*~*~tactically~*~*~ (outnumbered).
  7621 | D:9      | 7621 ||| Stepping ~*~*~tactically~*~*~ (outnumbered).
  7622 | D:9      | 7622 ||| Stepping ~*~*~tactically~*~*~ (outnumbered).
  7624 | D:9      | Killed a two-headed ogre
  7625 | D:9      | Reached skill level 13 in Unarmed Combat
  7663 | D:9      | 7663 ||| Stepping ~*~*~tactically~*~*~ (stealth).
  7665 | D:9      | 7665 ||| Stepping ~*~*~tactically~*~*~ (stealth).
  7667 | D:9      | 7667 ||| Stepping ~*~*~tactically~*~*~ (stealth).
  7671 | D:9      | 7671 ||| Stepping ~*~*~tactically~*~*~ (stealth).
  7673 | D:9      | 7673 ||| Stepping ~*~*~tactically~*~*~ (stealth).
  7675 | D:9      | 7675 ||| Stepping ~*~*~tactically~*~*~ (stealth).
  7676 | D:9      | 7676 ||| Stepping ~*~*~tactically~*~*~ (stealth).
  7678 | D:9      | 7678 ||| Stepping ~*~*~tactically~*~*~ (outnumbered).
  7700 | D:9      | Reached skill level 14 in Unarmed Combat
  7765 | D:9      | 7765 ||| Stepping ~*~*~tactically~*~*~ (stealth).
  7766 | D:9      | 7766 ||| Stepping ~*~*~tactically~*~*~ (stealth).
  7769 | D:9      | 7769 ||| INVOKING Fiery Armour.
  7773 | D:9      | 7773 ||| Stepping ~*~*~tactically~*~*~ (outnumbered).
  7774 | D:9      | 7774 ||| Stepping ~*~*~tactically~*~*~ (outnumbered).
  7775 | D:9      | 7775 ||| Stepping ~*~*~tactically~*~*~ (outnumbered).
  7780 | D:9      | 7780 ||| Stepping ~*~*~tactically~*~*~ (outnumbered).
  7781 | D:9      | 7781 ||| Stepping ~*~*~tactically~*~*~ (outnumbered).
  7787 | D:9      | Reached skill level 6 in Fighting
  7789 | D:9      | 7789 ||| Stepping ~*~*~tactically~*~*~ (outnumbered).
  7893 | D:9      | Found a shimmering altar of Xom.
  7894 | D:9      | Found a shimmering altar of Xom.
  7895 | D:9      | Found a shimmering altar of Xom.
  7896 | D:9      | Found a shimmering altar of Xom.
  7951 | D:9      | 7951 ||| Stepping ~*~*~tactically~*~*~ (outnumbered).
  8071 | D:9      | Noticed Grum
  8072 | D:9      | 8072 ||| INVOKING Fiery Armour.
  8074 | D:9      | 8074 ||| Stepping ~*~*~tactically~*~*~ (outnumbered).
  8075 | D:9      | 8075 ||| Stepping ~*~*~tactically~*~*~ (outnumbered).
  8084 | D:9      | Killed Grum
  8159 | D:9      | 8159 ||| UPGRADING to +1 tower shield of reflection.
  8164 | D:9      | 8164 ||| UPGRADING to ring of protection from cold.
  8165 | D:9      | 8165 ||| READING 3 scrolls of identify.
  8165 | D:9      | 8165 ||| IDENTIFYING fizzy yellow potion
  8166 | D:9      | 8166 ||| READING 2 scrolls of identify.
  8166 | D:9      | 8166 ||| IDENTIFYING coppery potion
  8167 | D:9      | 8167 ||| DROPPING potion of degeneration.
  8204 | D:8      | 8204 ||| READING 2 scrolls of teleportation.
  8261 | D:10     | Entered Level 10 of the Dungeon
  8285 | D:10     | 8285 ||| Stepping ~*~*~tactically~*~*~ (hiding).
  8407 | D:10     | Found a staircase to the Lair.
  8408 | D:10     | Noticed an oklob plant
  8409 | D:10     | 8409 ||| INVOKING Fiery Armour.
  8433 | D:10     | Noticed a two-headed ogre
  8438 | D:10     | 8438 ||| Stepping ~*~*~tactically~*~*~ (outnumbered).
  8440 | D:10     | 8440 ||| Stepping ~*~*~tactically~*~*~ (outnumbered).
  8441 | D:10     | 8441 ||| Stepping ~*~*~tactically~*~*~ (outnumbered).
  8442 | D:10     | 8442 ||| Stepping ~*~*~tactically~*~*~ (outnumbered).
  8443 | D:10     | 8443 ||| Stepping ~*~*~tactically~*~*~ (outnumbered).
  8444 | D:10     | 8444 ||| Stepping ~*~*~tactically~*~*~ (outnumbered).
  8446 | D:10     | Killed a two-headed ogre
  8447 | D:10     | Reached skill level 3 in Shields
  8460 | D:10     | 8460 ||| FLEEEEING.
  8461 | D:10     | 8461 ||| FLEEEEING.
  8475 | D:10     | HP: 18/98 [oklob plant/splash of acid (19)]
  8476 | D:10     | 8476 ||| READING scroll of teleportation.
  8480 | D:10     | Killed an oklob plant
  8480 | D:10     | Noticed a two-headed ogre
  8481 | D:10     | Reached XP level 11. HP: 34/105 MP: 11/11
  8482 | D:10     | HP: 13/105 [two-headed ogre/+0 giant club (27)]
  8482 | D:10     | Slain by a two-headed ogre

Levels and vault maps discovered:
D:1:      minmay_arrival_split_and_join, layout_basic,
          chequers_serial_rivers_marsh, minmay_misc_feat_tower,
          kennysheep_decorative_pillar
D:2:      layout_basic, ebering_ecumenical_altar_sacrificial, basic_altar,
          hangedman_decor_opposing
D:3:      layout_loops_ring, ebering_ghost_disaster_area, serial_shops, shop,
          chequers_jeans, minmay_misc_feat_rows, hex_medium,
          kennysheep_generic_room_4, uniq_grinder
D:4:      layout_basic, elyvilon_altar_1
D:5:      layout_cave_pools, lemuel_crystal_altar, ebering_ghost_inner_flame
D:6:      layout_basic, cheibriados_altar_1, uniq_edmund, uniq_blork_the_orc
D:7:      layout_rooms, temple_green, nicolae_shop_vocational,
          uniq_crazy_yiuf_cottage
D:8:      lemuel_bear_cage, layout_layer_cave,
          mainiacjoe_overflow_large_starburst, kennysheep_small_circle
D:9:      layout_stronghold, xom_shifter_show, nicolae_wooded_promenade,
          uniq_grum
D:10:     minmay_s_stair_smasher, layout_basic, dpeg_oklobed_lair,
          minmay_diamond_spiral, uniq_joseph, uniq_nergalle

Skill      XL: |  1  2  3  4  5  6  7  8  9 10 |
---------------+-------------------------------+-----
Unarmed Combat | 4 5 6 8 9 11 12 14 | 14.6
Fighting       | 3 4 5 6 |  6.1
Dodging        | 1 |  1.2
Throwing       | 1 |  1.1
Shields        | 4 |  4.6
Spellcasting   | |  1.0
Fire Magic     | |  2.1

Action                   |  1- 3 |  4- 6 |  7- 9 | 10-12 || total
-------------------------+-------+-------+-------+-------++-------
Melee: Unarmed           |    97 |   103 |   320 |    92 ||   612
       Punch             |       |     3 |    14 |     1 ||    18
Throw: Boomerang         |       |       |    40 |    14 ||    54
Invok: Fiery Armour      |       |     2 |     2 |     4 ||     8
  Use: Scroll            |     3 |     5 |    11 |     4 ||    23
       Potion            |       |     1 |     5 |       ||     6
Armor: Robe              |    23 |    30 |    50 |    25 ||   128
Dodge: Dodged            |    30 |    38 |   152 |    72 ||   292
Block: Tower shield      |       |       |       |    10 ||    10

Table legend:
 A = Non-vault XP
 B = Vault XP
 C = Vault XP percentage of total XP
 D = Non-vault monster count
 E = Vault monster count
 F = Vault count percentage of total count
                 A         B        C        D         E       F
            +---------+---------+-------+---------+---------+-------
      Total |    8379 |    2638 |  23.9 |     228 |      13 |   5.4
            +---------+---------+-------+---------+---------+-------
        D:1 |      65 |       0 |   0.0 |      35 |       0 |   0.0
        D:2 |      52 |       0 |   0.0 |      20 |       0 |   0.0
        D:3 |     287 |     278 |  49.2 |      29 |       2 |   6.5
        D:4 |     324 |       0 |   0.0 |      22 |       0 |   0.0
        D:5 |     500 |       0 |   0.0 |      18 |       0 |   0.0
        D:6 |     826 |     248 |  23.1 |      24 |       2 |   7.7
        D:7 |     771 |       0 |   0.0 |      13 |       0 |   0.0
        D:8 |     693 |     901 |  56.5 |      25 |       3 |  10.7
        D:9 |    3290 |     676 |  17.0 |      38 |       5 |  11.6
       D:10 |    1571 |     535 |  25.4 |       4 |       1 |  20.0
            +---------+---------+-------+---------+---------+-------
